 Dungeon Crawl Stone Soup version 0.18-a0-1292-ge8ad84c (webtiles) character file.

4711 Duffy the Nimble (level 10, -1/64 HPs)
             Began as a Deep Elf Summoner on Feb 10, 2016.
             Was a Follower of Sif Muna.
             Slain by a two-headed ogre
             ... wielding a +0 giant club
              (6 damage)
             ... on level 10 of the Dungeon.
             The game lasted 00:30:06 (16287 turns).

Duffy the Nimble (Deep Elf Summoner)               Turns: 16287, Time: 00:30:06

Health: -1/64      AC:  6    Str:  5    XL:     10   Next: 22%
Magic:  21/21      EV: 19    Int: 22    God:    Sif Muna [*.....]
Gold:   576        SH:  0    Dex: 17    Spells: 4 memorised, 9 levels left

rFire  + . .     SeeInvis .     t - +2 trident (pierce)
rCold  . . .     Gourm    +     D - +2 robe {rF+}
rNeg   . . .     Faith    .     (no shield)
rPois  .         Spirit   .     o - +1 helmet
rElec  .         Dismiss  .     (no cloak)
rCorr  .         Reflect  .     (no gloves)
SustAt +         Harm     .     (no boots)
MR     +....                    s - amulet of the gourmand
Stlth  ++........               (no ring)
                                q - ring of sustain attributes

@: somewhat resistant to hostile enchantments, unstealthy
A: no striking features
a: Channel Energy, Renounce Religion


You were on level 10 of the Dungeon.
You worshipped Sif Muna.
Sif Muna was aware of your devotion.
You were very full.

You visited 2 branches of the dungeon, and saw 11 of its levels.

You collected 576 gold pieces.


   Skills:
 - Level 8.2 Fighting
 - Level 9.8 Dodging
 - Level 2.4 Stealth
 + Level 6.3 Spellcasting
 + Level 7.9 Summonings
 - Level 3.5 Ice Magic


You had 9 spell levels left.
You knew the following spells:

 Your Spells              Type           Power        Failure   Level  Hunger
g - Summon Guardian Gole  Hex/Summ       ###.....     6%          3    #......
i - Call Imp              Summ           #####...     1%          2    None
l - Summon Ice Beast      Ice/Summ       ####....     12%         4    ###....
n - Call Canine Familiar  Summ           #####...     1%          3    #......

Inventory:

Hand Weapons
 t - a +2 trident of piercing (weapon)
 w - a +1 blowgun
Missiles
 e - 379 stones (quivered)
 i - 49 poisoned needles
 u - a throwing net
Armour
 o - a +1 helmet (worn)
 D - a +2 robe of fire resistance (worn)
Rods
 B - a -2 lightning rod (14/14)
Jewellery
 q - a ring of sustain attributes (left hand)
 s - an amulet of the gourmand (around neck)
 N - an uncursed ring of fire
Wands
 K - a wand of iceblast (5/15)
 Q - a wand of flame (22/48)
 R - a wand of hasting (8/9)
 S - a wand of acid (6/15)
 U - a wand of flame (19/48)
 W - a wand of paralysis (8/24)
Scrolls
 d - 2 scrolls of recharging
 f - 3 scrolls of magic mapping
 j - 2 scrolls of teleportation
 k - 3 scrolls of enchant armour
 l - 6 scrolls of remove curse
 m - 2 scrolls of immolation
 v - a scroll of noise
 y - 3 scrolls of random uselessness
 E - 3 scrolls of fear
 H - a scroll of holy word
Potions
 h - 3 potions of haste {unknown}
 n - 4 potions of brilliance
 p - 5 potions of lignification
 r - a potion of agility {unknown}
 x - 3 potions of heal wounds {unknown}
 A - 3 potions of degeneration {unknown}
 C - 5 potions of curing
 I - a potion of might {unknown}
 J - 2 potions of magic {unknown}
 O - a potion of flight {unknown}
Books
 b - a book of Callings
 G - a book of Party Tricks
 L - a book of the Sky
Comestibles
 c - 5 bread rations
 g - a meat ration
 z - 3 fruits
 F - 3 beef jerkies
 M - 11 royal jellies

Dungeon Overview and Level Annotations

Branches:
Dungeon (10/15)            Temple (1/1) D:6
   Lair: D:8-11         Orc: D:9-12

Altars:
Ashenzari
Cheibriados
Dithmenos
Elyvilon
Fedhas
Gozag
Kikubaaqudgha
Makhleb
Nemelex Xobeh
Okawaru
Pakellas
Qazlal
Ru
Sif Muna
Trog
Vehumet
Xom
Yredelemnul
Zin
The Shining One

Shops:
D:5 }(


Message History

The two-headed ogre completely misses you.
The two-headed ogre completely misses you.
The two-headed ogre misses you. The two-headed ogre misses you.
The two-headed ogre completely misses you.
The two-headed ogre misses you. x2
The two-headed ogre misses you.
The two-headed ogre hits you with a giant club!
The two-headed ogre misses you. The two-headed ogre barely misses you.
The two-headed ogre hits you with a giant club.
The two-headed ogre barely misses you. The two-headed ogre misses you.
The two-headed ogre hits you but does no damage.
The two-headed ogre completely misses you.
The two-headed ogre closely misses you. The two-headed ogre closely misses you.
The two-headed ogre misses you. The two-headed ogre closely misses you.
The two-headed ogre completely misses you.
The two-headed ogre misses you. x2
The two-headed ogre misses you.
The two-headed ogre hits you with a giant club!
The two-headed ogre completely misses you.
The two-headed ogre misses you. The two-headed ogre barely misses you.
The two-headed ogre closely misses you.
The two-headed ogre closely misses you. x2
The two-headed ogre misses you. The two-headed ogre closely misses you.
The two-headed ogre closely misses you.
The two-headed ogre hits you with a giant club!!
The two-headed ogre completely misses you.
The two-headed ogre misses you. The two-headed ogre misses you.
The two-headed ogre hits you but does no damage.
The two-headed ogre closely misses you.
The two-headed ogre hits you with a giant club.
You die...

#.#
####.######
.. #.# ##.
#.## #..#
##.######
#.......#
#..[....#
#.###.......#
#....O@<<...#
#####.......#
#####.### #.#
#.# #.# #.#
##.# #..#


You could see a two-headed ogre.

Action                   |  1- 3 |  4- 6 |  7- 9 | 10-12 || total
-------------------------+-------+-------+-------+-------++-------
Melee: Trident           |     7 |    61 |   236 |    65 ||   369
 Fire: Blowgun           |       |     4 |    17 |       ||    21
Throw: Stone             |     8 |     1 |     5 |       ||    14
 Cast: Summon Small Mamm |    74 |       |       |       ||    74
       Call Imp          |    14 |    10 |       |       ||    24
       Call Canine Famil |     4 |    20 |    45 |     4 ||    73
       Summon Ice Beast  |       |     7 |   116 |    17 ||   140
Evoke: Wand              |       |       |     1 |       ||     1
  Use: Scroll            |       |       |    11 |     7 ||    18
 Stab: Sleeping          |       |     3 |     7 |       ||    10
       Distracted        |       |     1 |     3 |     4 ||     8
  Eat: Chunk             |    13 |    19 |    52 |     7 ||    91

Notes
Turn   | Place    | Note
--------------------------------------------------------------
     0 | D:1      | Duffy the Deep Elf Summoner began the quest for the Orb.
     0 | D:1      | Reached XP level 1. HP: 10/10 MP: 6/6
   674 | D:1      | Reached XP level 2. HP: 15/15 MP: 4/8
   678 | D:1      | Learned a level 2 spell: Call Imp
   830 | D:1      | Reached skill level 5 in Summonings
  1816 | D:2      | Reached XP level 3. HP: 19/19 MP: 4/9
  1825 | D:2      | Learned a level 3 spell: Call Canine Familiar
  2195 | D:2      | Noticed Terence
  2222 | D:2      | Killed Terence
  2489 | D:2      | Reached skill level 6 in Summonings
  2650 | D:2      | Reached XP level 4. HP: 24/24 MP: 1/10
  3318 | D:3      | Noticed Sigmund
  3339 | D:3      | Killed Sigmund
  3339 | D:3      | Reached skill level 4 in Spellcasting
  3339 | D:3      | Reached XP level 5. HP: 28/28 MP: 9/13
  3345 | D:3      | Learned a level 4 spell: Summon Ice Beast
  3929 | D:4      | Reached skill level 1 in Ice Magic
  4037 | D:4      | Reached skill level 1 in Fighting
  4367 | D:4      | Reached XP level 6. HP: 34/34 MP: 7/14
  4430 | D:4      | Reached skill level 2 in Ice Magic
  4457 | D:4      | Found a shadowy altar of Dithmenos.
  4568 | D:4      | Found a shattered altar of Ashenzari.
  4911 | D:4      | Learned a level 3 spell: Summon Guardian Golem
  4956 | D:5      | Entered Level 5 of the Dungeon
  4994 | D:5      | Noticed an ice beast
  5084 | D:5      | Killed an ice beast
  5084 | D:5      | Reached skill level 2 in Fighting
  5171 | D:5      | Noticed Duvessa
  5171 | D:5      | Noticed Dowan
  5334 | D:5      | Killed Duvessa
  5334 | D:5      | Reached skill level 3 in Ice Magic
  5341 | D:5      | Killed Dowan
  5467 | D:5      | Found Zuuvuis's Weapon Shoppe.
  5476 | D:5      | Found Nostreqo's Gadget Emporium.
  5608 | D:5      | Noticed Blork the orc
  5618 | D:5      | Killed Blork the orc
  5929 | D:5      | Reached skill level 3 in Fighting
  5929 | D:5      | Reached XP level 7. HP: 35/41 MP: 9/15
  6205 | D:5      | Noticed Edmund
  6218 | D:5      | Killed Edmund
  6224 | D:5      | Reached skill level 4 in Fighting
  7173 | D:6      | Found a staircase to the Ecumenical Temple.
  7181 | Temple   | Entered the Ecumenical Temple
  7358 | D:6      | Reached skill level 5 in Fighting
  7538 | D:6      | Reached XP level 8. HP: 48/50 MP: 9/16
  7956 | D:6      | Found a bloodstained altar of Trog.
  8078 | D:6      | Reached skill level 3 in Dodging
  8352 | D:7      | Reached skill level 4 in Dodging
  8836 | D:7      | Reached skill level 5 in Dodging
  8924 | D:7      | Noticed a troll
  9003 | D:7      | Killed a troll
  9003 | D:7      | Reached skill level 6 in Dodging
  9630 | D:7      | Reached skill level 7 in Dodging
 10341 | D:8      | Reached skill level 8 in Dodging
 10512 | D:8      | Found a stormy altar of Qazlal.
 10858 | D:8      | Reached XP level 9. HP: 55/55 MP: 17/17
 11021 | D:8      | Reached skill level 6 in Fighting
 11605 | D:8      | Reached skill level 7 in Fighting
 11896 | D:8      | Noticed a troll
 12349 | D:8      | Killed a troll
 13214 | D:9      | Noticed a troll
 13228 | D:9      | Killed a troll
 13247 | D:9      | Reached skill level 8 in Fighting
 13471 | D:9      | Found a sacrificial altar of Ru.
 13806 | D:9      | Reached skill level 9 in Dodging
 14184 | D:9      | Found a radiant altar of Vehumet.
 14697 | D:9      | Found a deep blue altar of Sif Muna.
 14703 | D:9      | Became a worshipper of Sif Muna the Loreminder
 15145 | D:9      | Reached skill level 7 in Summonings
 15209 | D:9      | Found a shimmering altar of Xom.
 15210 | D:9      | Found a shadowy altar of Dithmenos.
 15227 | D:10     | Entered Level 10 of the Dungeon
 15327 | D:9      | Reached XP level 10. HP: 64/64 MP: 10/19
 15435 | D:10     | Reached skill level 5 in Spellcasting
 15948 | D:10     | Reached skill level 6 in Spellcasting
 15983 | D:9      | Reached * piety under Sif Muna
 16287 | D:10     | Slain by a two-headed ogre

Vault maps used:
D:1:      sevenhm_arrival_forest_fort_large_4
D:2:      uniq_terence
D:3:      hangedman_decor_points, uniq_sigmund
D:4:      ashenzari_altar_1, grunt_dithmenos_smoke_and_mirrors
D:5:      first_bread, serial_shops, nicolae_shop_competitors_out_of_business,
          shop, uniq_duvessa, uniq_blork_the_orc, uniq_edmund
D:6:      minmay_temple_entry_water_ring, trog_three_pillars_becter
D:8:      hangedman_little_slice_of_home, grunt_qazlal_sundering
D:9:      gammafunk_temple_overflow_statue, fiery_altar_vehumet, led_sif_pool,
          nicolae_ru_awakened_eye
D:10:     uniq_maud
Temple:   nicolae_temple_no_exploring_needed

Vanquished Creatures
  3 trolls Sigmund
  A wyvern
  9 yaks
  A hungry ghost
  A hippogriff Edmund
  2 water moccasins Duvessa
  4 orc warriors
  6 ogres
  3 ice beasts
  3 centaurs
  3 phantoms
  2 big kobolds
  A crocodile Blork the orc
  5 giant frogs Dowan
  6 killer bees
  4 wights
  4 crimson imps
  A quasit
  A giant frog zombie
  3 centaur zombies
  4 hounds
  12 orc priests
  4 jellies
  11 orc wizards
  2 centaur skeletons
  5 giant frog skeletons Terence
  2 iguanas
  8 worker ants
  A killer bee zombie
  A worker ant zombie
  16 adders
  10 gnolls
  4 shadow imps
  5 oozes
  An adder zombie
  An adder skeleton
  6 worms
  7 giant geckos
  45 orcs
  A ball python
  7 bats
  5 giant cockroaches
  7 goblins
  8 hobgoblins
  19 jackals
  14 kobolds
  6 quokkas
  A giant cockroach zombie
  5 giant newts
  A jackal zombie
  2 quokka zombies
  11 rats
301 creatures vanquished.
